AoeStats
← UNKN0WNID

Team Islands

503339995Analyzed
2v2 RM · 1mo ago on Aug 31, 2026· 45m 12s· 4 players
Game mode
Random Map
Map size
185×185
Population
200
Speed
Normal
Resources
Standard
Victory
Conquest
Starting age
Dark Age
Ending age
Imperial Age
RankedLock teamsTeams togetherTeam positionsShared explorationLock speedFull tech treeHidden civsTurbo modeCheats
Victory
Defeat
🇲🇽 Franks · Mexico
632
+9
🇨🇭 Teutons · Switzerland
562
+12
🇺🇸 Turks · United States
473
-11
🇺🇸 Bohemians · United States
457
-10
yoxan1312
11:55 Loom
13:40 Feudal Age
15:08 Double-Bit Axe
15:07 Fishing Lines
16:36 Wheelbarrow
17:44 Gold Mining
21:39 Castle Age
22:50 Demolition Ship
23:23 Gillnets
24:18 Hand Cart
24:04 Stone Mining
35:33 Imperial Age
34:10 Husbandry
33:31 Light Cavalry
34:25 Scale Barding Armor
34:31 Forging
35:44 Medium Warships
36:40 Chivalry
36:07 Cavalier
37:34 Capped Ram
40:36 Chain Barding Armor
40:17 Scale Mail Armor
40:32 Paladin
44:37 Town Watch
UNKN0WNID
14:04 Feudal Age
15:42 Gold Mining
15:43 Stone Mining
16:40 Double-Bit Axe
19:02 Wheelbarrow
18:47 Horse Collar
Cat Lover 89
10:59 Feudal Age
14:27 Wheelbarrow
13:40 Horse Collar
18:49 Wheelbarrow
18:13 Double-Bit Axe
23:53 Castle Age
24:38 Heavy Plow
25:08 Bow Saw
24:55 Gold Mining
26:07 Stone Mining
34:01 Hand Cart
37:52 Imperial Age
37:54 Elite Janissary
RustBin
10:50 Feudal Age
11:16 Double-Bit Axe
11:15 Horse Collar
21:22 Castle Age
21:28 Castle Age
22:45 Bow Saw
22:37 Heavy Plow
25:15 Caravan
28:01 Wheelbarrow
27:12 Town Watch
27:13 Loom
29:32 Hand Cart
29:25 Demolition Ship
30:15 Padded Archer Armor
30:05 Fletching
30:26 Forging
30:16 Scale Mail Armor
30:22 Scale Barding Armor
33:23 Town Patrol
34:40 Leather Archer Armor
34:20 Bodkin Arrow
35:01 Iron Casting
34:41 Chain Mail Armor
34:47 Chain Barding Armor
34:51 Ballistics
35:39 Chemistry
34:09 Light Cavalry
34:58 Husbandry
36:23 Clinker Construction
36:23 Careening
36:20 Siphons
Connection lost

Rejoining the realm…

Still unreachable

The connection could not be restored.

Session expired

The server has moved on; the page needs a fresh start.